 Dungeon Sprint DCSS version 0.28.0-53-g5a82cb258f (webtiles) character file.

Game seed: 6163400421315790359

261 Zeld the Changer (level 5, 0/48 HPs)
             Began as a Draconian Transmuter on June 12, 2022.
             Was an Initiate of Sif Muna.
             Splashed by a jelly's acid (9 damage)
             ... in the Dungeon (Sprint I: "Red Sonja").
             The game lasted 00:00:47 (458 turns).

Zeld the Changer (Draconian Transmuter)              Turns: 458, Time: 00:00:48

Health: 0/48       AC: -14   Str: 15    XL:     5   Next: 96%
Magic:  11/14      EV: 19    Int: 13    God:    Sif Muna [......]
Gold:   216        SH:  0    Dex: 16    Spells: 7/17 levels left

rFire   . . .      SeeInvis .     - Unarmed
rCold   . . .      Faith    .   (shield currently unavailable)
rNeg    . . .      Spirit   .   (armour unavailable)
rPois   x          Reflect  .   (helmet currently unavailable)
rElec   .          Harm     .   (cloak currently unavailable)
rCorr   .          Rampage  .   (gloves currently unavailable)
Will    .....      NoTele   +   (boots currently unavailable)
Stlth   +.........              (no amulet)
HPRegen 0.16/turn               (no ring)
MPRegen 0.14/turn               (no ring)

@: spider-form, corroded
A: venomous fangs, AC +5, tiny, unfitting armour, (cold-blooded)
a: End Transformation, Renounce Religion


You were in the Dungeon.
You worshipped Sif Muna.
Sif Muna was noncommittal.
You were a venomous arachnid creature.
You visited 1 branch You collected 216 gold pieces.

Inventory:

Wands
 e - a wand of digging (6)
Scrolls
 f - a scroll of blinking
Potions
 a - a potion of curing
 b - a potion of heal wounds
 c - a potion of haste
 d - 2 potions of magic
 g - a potion of lignification {unknown}


   Skills:
 + Level 5.4 Fighting
 - Level 1.7 Dodging
 + Level 5.8 Unarmed Combat
 * Level 6.8 Spellcasting
 * Level 7.4 Transmutations


You had 7 spell levels left.
You knew the following spells:

 Your Spells              Type           Power      Damage    Failure   Level
a - Beastly Appendage     Tmut           46%        N/A       4%          1
b - Wereblood             Tmut           23%        N/A       5%          2
c - Spider Form           Tmut/Pois      14%        N/A       24%         3
d - Ice Form              Ice/Tmut       14%        N/A       54%         4

Your spell library contained the following spells:

 Spells                   Type           Power      Damage    Failure   Level


Dungeon Overview and Level Annotations

Branches:
Dungeon (1/1)

Altars:
Sif Muna
Vehumet
Wu Jian


Innate Abilities, Weirdness & Mutations

You are a venomous arachnid creature.
You have poisonous fangs.
You are tiny and dextrous.
Your spellcasting is less reliable in this form.
Your armour is entirely melded.
You are incapable of wielding weapons or throwing items.
((Your plain brown scales are hard. (AC +5)))
You cannot fit into any form of body armour.
((You are cold-blooded and may be slowed by cold attacks.))


Message History

Found a radiant altar of Vehumet.
You see here a potion of heal wounds.
The jelly hits you but does no damage.
You see here a ring of protection from fire.
You hit the jelly. The acid corrodes you!
Your hands burn!
You punch the jelly.
The jelly is heavily wounded.
The jelly closely misses you. The jelly closely misses you.
There is an ornate altar of the Wu Jian Council here.
The jelly hits you. The acid corrodes you!
You are splashed with acid!
There is a shimmering blue altar of Sif Muna here.
You kneel at the altar of Sif Muna.
Sif Muna welcomes you! The jelly hits you.
You are splashed with acid.
Unknown command.
Press < or > to pray at altars.
Casting: Spider Form (dangerous; 10% risk of failure)
Confirm with . or Enter, or press ? or * to list all spells.
You turn into a venomous arachnid creature.
The jelly hits you.
You are splashed with acid!
You hit the jelly.
The jelly is poisoned.
Your front legs burn!
The jelly is heavily wounded.
Unknown command.
Press < or > to pray at altars.
You hit the jelly but do no damage.
The jelly looks as sick as possible!
Your front legs burn!
The jelly is heavily wounded.
The jelly misses you.
Unknown command.
Press < or > to pray at altars.
Unknown command.
Press < or > to pray at altars.
You hit the jelly but do no damage. The acid corrodes you!
Your front legs burn!
* * * LOW HITPOINT WARNING * * *
The jelly is almost dead.
The jelly hits you.
* * * LOW HITPOINT WARNING * * *
The acid corrodes you!
You are splashed with acid!
You die...

################
#<.#..)..#..'..#
#..)..#..').#..+
#..#####'#####'#
#..# #..# #!#
#..# #### ##=#
#..# #+#_J+ #⌠⌠#
+...s# ##.#
#_.#+# #..# ##+
####


You could see a jelly (extremely poisoned).

Vanquished Creatures
  Sigmund (D)
  An ogre (D)
  Ijyb (D)
3 creatures vanquished.

Notes
Turn   | Place    | Note
-------+----------+-------------------------------------------
     0 | D        | Zeld the Draconian Transmuter began the quest for the Orb.
     0 | D        | Reached XP level 1. HP: 16/16 MP: 3/3
     3 | D        | Noticed Ijyb
    10 | D        | Killed Ijyb
    11 | D        | Reached skill level 3 in Transmutations
    11 | D        | Reached XP level 2. HP: 25/25 MP: 2/6
    70 | D        | Noticed an ogre
    79 | D        | Killed an ogre
    80 | D        | Reached skill level 5 in Spellcasting
    80 | D        | Reached skill level 5 in Transmutations
    80 | D        | Reached XP level 3. HP: 33/33 MP: 4/9
    80 | D        | Reached XP level 4. HP: 40/40 MP: 4/11
    83 | D        | Learned a level 2 spell: Wereblood
    87 | D        | Learned a level 3 spell: Spider Form
    92 | D        | Learned a level 4 spell: Ice Form
   267 | D        | Noticed Sigmund
   272 | D        | Killed Sigmund
   273 | D        | Reached skill level 5 in Fighting
   273 | D        | Reached skill level 5 in Unarmed Combat
   273 | D        | Reached skill level 7 in Transmutations
   273 | D        | Reached XP level 5. HP: 37/48 MP: 9/14
   447 | D        | Found an ornate altar of the Wu Jian Council.
   447 | D        | Found a shimmering blue altar of Sif Muna.
   449 | D        | Found a radiant altar of Vehumet.
   454 | D        | Became a worshipper of Sif Muna the Loreminder
   458 | D        | Splashed by a jelly's acid

Illustrated notes

Levels and vault maps discovered:
D:        dungeon_sprint_1 [red_sonja_temple_1, red_sonja_temple_small_1]

Skill      XL: |  1  2  3  4 |
---------------+-------------+-----
Fighting       | 2 3 5 |  5.4
Spellcasting   | 3 5 6 |  6.8
Transmutations | 3 5 7 |  7.4
Unarmed Combat | 4 5 |  5.8
Dodging        | |  1.7

Action                   |  1- 3 |  4- 6 || total
-------------------------+-------+-------++-------
Melee: Unarmed           |    13 |     8 ||    21
       Headbutt          |     3 |       ||     3
       Tailslap          |     3 |       ||     3
       Punch             |     2 |     1 ||     3
       Kick              |     2 |       ||     2
 Cast: Beastly Appendage |     3 |       ||     3
       Spider Form       |       |     2 ||     2
Evoke: Wand              |       |     1 ||     1
  Use: Potion            |     1 |       ||     1
Armor: Skin              |     1 |     1 ||     2
Dodge: Dodged            |     6 |     4 ||    10
